 Dungeon Crawl Stone Soup version 0.31-a0-1395-g7c67ea8c80 (webtiles) character file.

Game seed: 14661350514494022377

1505 Ge0ff the Digger (level 8, -2/59 HPs)
             Began as a Vampire Earth Elementalist on Dec 25, 2023.
             Was a High Priest of Jiyva.
             Slain by an orc wizard
             ... wielding a +2 dagger of venom
              (3 damage)
             ... on level 7 of the Dungeon.
             The game lasted 00:08:21 (4062 turns).

Ge0ff the Digger (Vampire Earth Elementalist)       Turns: 4062, Time: 00:08:21

Health: -2/59      AC:  6    Str: 10    XL:     8   Next: 52%
Magic:  27/27      EV: 16    Int: 19    God:    Jiyva [*****.]
Gold:   204        SH:  0    Dex: 18    Spells: 9/15 levels left

rFire   . . .        a - +10 falchion of Vivinn {freeze, *Rage rC+ rN+ Str+3}
rCold   . . .        (no shield)
rNeg    + . .        N - +0 robe
rPois   .            (helmet restricted)
rElec   .            S - +0 cloak of Qacw {rC- Dex+3 SInv}
rCorr   +            (no gloves)
SInv    +            (no boots)
Will    .....        (no amulet)
Stlth   +++          J - ring of magical power
HPRegen 1.93/turn    (no ring)
MPRegen 0.92/turn

%: random rage (20%)
@: lethally poisoned (-2 -> -5), healing quickly, slowed, very slow
A: alive, fangs 3, see invisible, vampiric 2, antennae 1, high MP 3, robust 1,
gelatinous body 3, translucent skin 1
a: Exsanguinate, Renounce Religion, Oozemancy, Slimify


You were on level 7 of the Dungeon.
You worshipped Jiyva.
Jiyva was extremely pleased with you.
You visited 2 branches of the dungeon, and saw 8 of its levels.

You collected 204 gold pieces.

Inventory:

Hand Weapons
 a - the +10 falchion of Vivinn (weapon) {freeze, *Rage rC+ rN+ Str+3}
   (You found it on level 3 of the Dungeon)

   Str+3:     It affects your strength (+3).
   rC+:       It protects you from cold.
   rN+:       It protects you from negative energy.
   *Rage:     It berserks you when you make melee attacks (+20% chance).
 I - the +6 shillelagh "Devastator" {shatter}
   (You found it on level 5 of the Dungeon)
 U - a +0 dagger
Missiles
 g - 3 throwing nets {=F}
 O - 48 stones
 V - 4 poisoned darts
Armour
 L - a +0 leather armour
 N - a +0 robe (worn)
 S - the +0 cloak of Qacw (worn) {rC- Dex+3 SInv}
   (You found it on level 4 of the Dungeon)

   Dex+3:     It affects your dexterity (+3).
   rC-:       It makes you vulnerable to cold.
   SInv:      It lets you see invisible.
 Y - a +2 cloak
Magical Staves
 P - a staff of air
Jewellery
 A - the ring "Moirrist" {Ice Will+ Dex+4}
   (You found it on level 6 of the Dungeon)

   [ring of ice]

   Ice:       It enhances your ice magic.
   Dex+4:     It affects your dexterity (+4).
   rF-:       It makes you vulnerable to fire.
   rC+:       It protects you from cold.
   Will+:     It increases your willpower.
 J - a ring of magical power (left hand)
 T - a ring of fire
Wands
 f - a wand of flame (18)
 k - a wand of iceblast (2)
Scrolls
 B - 2 scrolls of blinking
 C - a scroll of revelation {unknown}
 D - a scroll of poison {unknown}
 E - a scroll of fear
 G - a scroll of teleportation {unknown}
 Q - a scroll of enchant weapon
 W - 2 scrolls of immolation {unknown}
 X - a scroll of brand weapon
 Z - a scroll of amnesia {unknown}
Potions
 q - 3 potions of curing
 F - a potion of enlightenment {unknown}
 H - 2 potions of haste {unknown}
 K - a potion of magic {!q}
 M - a potion of brilliance {unknown}


   Skills:
 - Level 1.0 Fighting
 - Level 3.0 Long Blades
 - Level 1.0 Armour
 - Level 3.0 Dodging
 - Level 3.0 Stealth
 - Level 4.0 Spellcasting
 + Level 4.7 Conjurations
 - Level 7.0 Earth Magic
 - Level 1.1 Alchemy


You had 9 spell levels left.
You knew the following spells:

 Your Spells              Type           Power      Damage    Failure   Level
k - Sandblast             Erth           60%        2d14      1%          1
m - Stone Arrow           Conj/Erth      52%        3d10      3%          3
w - Passwall              Alch/Erth      15%        N/A       4%          2

Your spell library contained the following spells:

 Spells                   Type           Power      Damage    Failure   Level
 Brom's Barrelling Bould  Conj/Erth      26%        2d5       12%         4
 Slow                     Hex            12%        N/A       14%         1
 Petrify                  Alch/Erth      19%        N/A       26%         4


Dungeon Overview and Level Annotations

Branches:
Dungeon (7/15) Zot: 26817  Temple (1/1) D:4 Zot: 5998

Altars:
Cheibriados
Fedhas
Kikubaaqudgha
Makhleb
Nemelex Xobeh
Ru
Sif Muna
Trog
Uskayaw
Vehumet
Xom
Jiyva


Innate Abilities, Weirdness & Mutations

Your natural rate of healing is accelerated.
You have razor-sharp teeth.
You have supernaturally acute eyesight. (SInv)
You are afflicted with vampirism and can become a bat while bloodless.
You have a pair of small antennae on your head.
You have a greatly increased reservoir of magic. (+30% MP)
You are robust. (+10% HP)
Your gelatinous body deflects attacks. (AC +3, EV +3)
Your translucent skin slightly reduces your foes' accuracy. (Stealth+)


Message History

You feel yourself slow down. The hornet stings you.
You are more poisoned.
You shrug off the repeated paralysis!
You feel very sick. The hornet stings you.
You are more poisoned.
You feel as though you will be slow longer.
You feel extremely sick. The hornet barely misses you. The hornet stings you!
You shrug off the repeated paralysis!
You can move again.
Unknown command.
Unknown command.
Unknown command.
Unknown command.
Unknown command.
Unknown command.
Unknown command.
Unknown command.
Unknown command.
Unknown command.
Unknown command.
Unknown command.
Unknown command.
Unknown command.
Casting: Sandblast (safe; 1% risk of failure)
Confirm with . or Enter, or press ? or * to list all spells.
Aiming: Sandblast (safe; 1% risk of failure)
Press: ? - help, Shift-Dir - straight line, f/p - hornet
Aim: a hornet (almost dead, 76% to hit)
The blast of sand hits the hornet.
You kill the hornet!
You feel extremely sick.
The orc wizard hits you with a +2 dagger of venom.
* * * LOW HITPOINT WARNING * * *
You are more poisoned.
Your Conjurations skill increases to level 4!
Casting: Sandblast (safe; 1% risk of failure)
Confirm with . or Enter, or press ? or * to list all spells.
Aiming: Sandblast (safe; 1% risk of failure)
Press: ? - help, Shift-Dir - straight line, f - orc wizard
Aim: an orc wizard, wielding a +2 dagger of venom and wearing a +0 robe (severely wounded, 80% to hit)
The blast of sand misses the orc wizard.
* * * LOW HITPOINT WARNING * * *
You feel extremely sick.
The orc wizard hits you with a +2 dagger of venom.
* * * LOW HITPOINT WARNING * * *
The orc wizard hits you with a +2 dagger of venom.
You die...

#.
##...).#......##
#.#####.######
#.# #..## #.#
##..# #†# ##.##
#.# #..## #.#
##..# #.# ##.##
#@# #..# #o#
##.# #)# #.# #.#
#.## ..) #..###
.). ##...# ...
###.# ..... #.##
#..#


You could see an orc wizard.

Vanquished Creatures
  A hornet (D:7)
  Menkaure (D:5)
  A water moccasin (D:5)
  A sky beast (D:6)
  4 ogres (D:5)
  A kobold brigand (D:6)
  A scorpion (D:7)
  A bullfrog (D:7)
  3 bombardier beetles (D:5)
  3 hounds
  Crazy Yiuf (D:2)
  A gnoll bouda (D:6)
  An orc priest (D:7)
  2 iguanas (D:6)
  9 adders
  14 gnolls
  A white imp (D:6)
  2 ufetubi (D:6)
  A worm (D:2)
  2 dart slugs (D:2)
  8 orcs
  5 ball pythons
  4 bats
  An endoplasm (D:1)
  5 giant cockroaches
  6 goblins
  5 hobgoblins
  3 jackals (D:4)
  6 kobolds
  2 quokkas (D:3)
  7 rats
103 creatures vanquished.

Vanquished Creatures (others)
  An ogre (D:5)
  A howler monkey (D:6)
  6 jellies
  A sleepcap (D:6)
  A gnoll (D:6)
  An adder (D:2)
  A worm (D:4)
  An orc (D:4)
  2 bats (D:2)
  3 goblins
  2 hobgoblins (D:2)
  A quokka (D:1)
  2 ball pythons
  A kobold (D:1)
24 creatures vanquished.

Grand Total: 127 creatures vanquished

Notes
Turn   | Place    | Note
-------+----------+-------------------------------------------
     0 | D:1      | Ge0ff the Vampire Earth Elementalist began the quest for
                  | the Orb.
     0 | D:1      | Reached XP level 1. HP: 13/13 MP: 3/3
    35 | D:1      | Found a faded altar of an unknown god.
   150 | D:1      | Got Plato's Notes on Misfortune
   151 | D:1      | Prayed at the altar of an unknown god.
   151 | D:1      | Became a worshipper of Jiyva Jisixki the Shapeless
   151 | D:1      | Reached * piety under Jiyva
   232 | D:1      | Reached XP level 2. HP: 20/20 MP: 3/5
   417 | D:1      | Reached skill level 1 in Fighting
   556 | D:1      | Reached ** piety under Jiyva
   873 | D:2      | Gained mutation: You are afflicted with vampirism and can
                  | become a bat while bloodless. [Vampire growth]
   873 | D:2      | Reached XP level 3. HP: 26/26 MP: 4/6
   949 | D:2      | Learned a level 3 spell: Stone Arrow
  1158 | D:2      | Found a runed translucent door.
  1159 | D:2      | Noticed Crazy Yiuf
  1220 | D:2      | Killed Crazy Yiuf
  1282 | D:3      | Reached skill level 4 in Earth Magic
  1282 | D:3      | Reached XP level 4. HP: 29/32 MP: 6/8
  1443 | D:3      | Reached *** piety under Jiyva
  1508 | D:3      | Identified the +10 falchion of Vivinn {freeze, *Rage rC+
                  | rN+ Str+3}
  1516 | D:3      | Gained mutation: You have an increased reservoir of magic.
                  | (+10% MP) [Jiyva's grace]
  1516 | D:3      | Gained mutation: You have a considerably increased
                  | reservoir of magic. (+20% MP) [Jiyva's grace]
  1516 | D:3      | Gained mutation: You have a greatly increased reservoir of
                  | magic. (+30% MP) [Jiyva's grace]
  1516 | D:3      | Gained mutation: You have hidden genetic potential.
                  | [Jiyva's grace]
  1602 | D:2      | Learned a level 2 spell: Passwall
  2133 | D:4      | Reached **** piety under Jiyva
  2183 | D:4      | Found a staircase to the Ecumenical Temple.
  2214 | Temple   | Entered the Ecumenical Temple
  2236 | D:4      | Reached skill level 1 in Long Blades
  2236 | D:4      | Reached XP level 5. HP: 37/37 MP: 12/12
  2360 | D:4      | Gained mutation: You have a pair of small antennae on your
                  | head. [hidden potential]
  2414 | D:4      | Identified the +0 cloak of Qacw {rC- Dex+3 SInv}
  2631 | D:5      | Entered Level 5 of the Dungeon
  2683 | D:5      | Noticed an ogre
  2686 | D:5      | Noticed a water moccasin
  2688 | D:5      | Killed an ogre
  2689 | D:5      | Reached skill level 5 in Earth Magic
  2690 | D:5      | Killed an ogre
  2693 | D:5      | Reached XP level 6. HP: 43/43 MP: 13/13
  2721 | D:5      | Killed a water moccasin
  2722 | D:5      | Reached skill level 6 in Earth Magic
  2740 | D:5      | Gained mutation: You are robust. (+10% HP) [hidden
                  | potential]
  2740 | D:5      | Lost mutation: You have hidden genetic potential. [hidden
                  | potential expressed]
  2852 | D:5      | Noticed Menkaure
  2855 | D:5      | Killed Menkaure
  2864 | D:5      | Reached XP level 7. HP: 52/52 MP: 14/14
  2897 | D:5      | Reached skill level 7 in Earth Magic
  2912 | D:5      | Found a shimmering blue altar of Sif Muna.
  2913 | D:5      | Found a hide-covered altar of Uskayaw.
  2913 | D:5      | Found a bloodstained altar of Trog.
  2914 | D:5      | Found an ancient bone altar of Kikubaaqudgha.
  2954 | D:5      | Found a shimmering altar of Xom.
  2986 | D:5      | Found the +6 shillelagh "Devastator" {shatter}
  3087 | D:5      | Gained mutation: Your rubbery body absorbs attacks. (AC +1,
                  | EV +1) [Jiyva's grace]
  3087 | D:5      | Gained mutation: Your pliable body absorbs attacks. (AC +2,
                  | EV +2) [Jiyva's grace]
  3087 | D:5      | Gained mutation: Your gelatinous body deflects attacks. (AC
                  | +3, EV +3) [Jiyva's grace]
  3087 | D:5      | Gained mutation: Your translucent skin slightly reduces
                  | your foes' accuracy. (Stealth+) [Jiyva's grace]
  3088 | D:5      | Reached ***** piety under Jiyva
  3104 | D:5      | Found a burning altar of Makhleb.
  3395 | D:6      | Identified the ring "Moirrist" {Ice Will+ Dex+4}
  3558 | D:6      | Reached skill level 1 in Armour
  3578 | D:6      | Reached skill level 1 in Conjurations
  3657 | D:6      | Reached XP level 8. HP: 59/59 MP: 18/18
  3789 | D:6      | Found a blossoming altar of Fedhas.
  4054 | D:7      | Noticed a hornet
  4058 | D:7      | Paralysed by a hornet for 3 turns
  4061 | D:7      | Killed a hornet
  4062 | D:7      | HP: 1/59 [orc wizard/+2 dagger of venom (5)]
  4062 | D:7      | Slain by an orc wizard

Illustrated notes

Levels and vault maps discovered:
D:1:      tarquinn_simple_flora_water_d, layout_basic,
          shapermc_ecumenical_altar_rom_forum
D:2:      layout_basic, st_stairs_13, uniq_crazy_yiuf_cottage
D:3:      layout_loops_ring
D:4:      layout_basic, minmay_temple_entry_mini_moons
D:5:      layout_loops_ring, mainiacjoe_overflow_surrounded_room,
          chequers_temple_overflow_statue_of_worship, bloody_makhleb,
          dilly_guarded_unrand_devastator, uniq_menkaure
D:6:      layout_cave_pools, marbit_many_paths, nrook_mini_vaults
D:7:      layout_rooms, mainiacjoe_overflow_cross_hatched,
          grunt_temple_overflow_open, serial_shops, shop
Temple:   nicolae_temple_bog_church

Skill      XL: |  1  2  3  4  5  6  7  8 |
---------------+-------------------------+-----
Fighting       | 1 |  1.0
Spellcasting   | 3 4 |  4.0
Earth Magic    | 4 5 6 7 |  7.0
Long Blades    | 1 2 3 |  3.0
Armour         | 1 |  1.0
Conjurations   | 2 4 |  4.7
Dodging        | 3 |  3.0
Stealth        | |  3.0
Alchemy        | |  1.1

Action                     |  1- 3 |  4- 6 |  7- 9 || total
---------------------------+-------+-------+-------++-------
  Melee: Dagger            |     2 |       |       ||     2
         Falchion          |       |     8 |     8 ||    16
   Cast: Sandblast         |    38 |    47 |    72 ||   157
         Stone Arrow       |       |       |     2 ||     2
  Evoke: Wand              |       |       |     1 ||     1
    Use: Scroll            |       |     4 |     1 ||     5
   Stab: Sleeping          |     2 |     1 |       ||     3
 Armour: Robe              |     4 |    15 |    33 ||    52
  Dodge: Dodged            |     9 |    20 |    42 ||    71

Table legend: (Time is in decaauts)
 A = Elapsed time spent in this place.
 B = Non-inter-level travel time spent in this place.
 C = Inter-level travel time spent in this place.
 D = Time resting spent in this place.
 E = Time spent auto-exploring this place.
 F = Levels seen in this place.
 G = Mean time per level.
                   A        B        C        D        E       F      G
               +--------+--------+--------+--------+--------+-----+--------+
         Total |   4164 |   3923 |    241 |    135 |   3086 |   8 |  520.5 |
       Dungeon |   4162 |   3922 |    240 |    135 |   3086 |   7 |  594.6 |
        Temple |      1 |      1 |      0 |      0 |      0 |   1 |    1.0 |
               +--------+--------+--------+--------+--------+-----+--------+

Top non-repeatable levels by time:
     D:5: 752 daAuts
     D:4: 718 daAuts
     D:3: 678 daAuts
     D:2: 650 daAuts
     D:1: 649 daAuts
     D:6: 582 daAuts
     D:7: 130 daAuts
  Temple: 1 daAuts
